[Event "Titled Tuesday Blitz March 14 Late 2023"]
[White "Zamorano, Jorge"]
[Black "Gharamian, Tigran"]
[WhiteFideId "173770"]
[BlackFideId "13301527"]
[WhiteElo "2331"]
[BlackElo "2632"]
[Result "1-0"]
[Round "06"]
[TimeControl "180+2"]
[Date "2023.03.14"]
[WhiteClock "0:01:04"]
[BlackClock "0:00:33"]

1. e4 c6 2. Nc3 d5 3. Nf3 dxe4 4. Nxe4 Nf6 5. Nxf6+ exf6 6. Bc4 Bd6 7. Qe2+ Be7 8. O-O O-O 9. d4 Re8 10. Qd3 Bd6 11. Bd2 b5 12. Bb3 Nd7 13. a4 a6 14. c4 bxa4 15. Bxa4 c5 16. b4 cxd4 17. Qxd4 Qc7 18. c5 Be5 19. Nxe5 fxe5 20. Qd5 Nf6 21. Qxa8 Bb7 22. Qa7 e4 23. Qb6 1-0


[Site "https://www.chess.com"]

[Event "Titled Tuesday Blitz March 14 Late 2023"]
[White "Rodrigues, Tiago Pereira"]
[Black "Smith, Garrett L"]
[WhiteFideId "2101203"]
[BlackFideId "2024829"]
[WhiteElo "2168"]
[BlackElo "2282"]
[Result "1-0"]
[Round "06"]
[TimeControl "180+2"]
[Date "2023.03.14"]
[WhiteClock "0:02:04"]
[BlackClock "0:01:30"]

1. e4 c5 2. Nf3 Nc6 3. d3 e6 4. Nbd2 d5 5. Be2 g6 6. c3 d4 7. cxd4 cxd4 8. O-O Bg7 9. b4 Nxb4 10. Qa4+ Nc6 11. Ba3 Ne7 12. Rfb1 O-O 13. Nc4 a5 14. Bc5 Ra6 15. Rb2 Re8 16. Nd6 Rf8 17. Nxb7 Bxb7 18. Rxb7 Re8 19. Qb5 Qa8 20. a3 Rc8 21. Bxe7 1-0


[Site "https://www.chess.com"]

[Event "Titled Tuesday Blitz March 14 Late 2023"]
[White "Bogaudinov, Rushan"]
[Black "Klenburg, Michael"]
[WhiteFideId "4129288"]
[BlackFideId "14102072"]
[WhiteElo "1949"]
[BlackElo "2396"]
[Result "0-1"]
[Round "06"]
[TimeControl "180+2"]
[Date "2023.03.14"]
[WhiteClock "0:00:05"]
[BlackClock "0:00:18"]

1. a3 g6 2. h4 Nf6 3. d3 Bg7 4. e4 d6 5. Be2 h5 6. Nf3 Nbd7 7. O-O c6 8. Nc3 O-O 9. d4 Ng4 10. Ng5 Qb6 11. Bxg4 hxg4 12. Qxg4 Qxd4 13. Be3 Qc4 14. Qd1 Nf6 15. Qd3 Qxd3 16. cxd3 Ng4 17. Bd2 Ne5 18. d4 Nc4 19. Be3 Nxb2 20. Rab1 Nc4 21. a4 a5 22. Nf3 Nxe3 23. fxe3 e6 24. Rb2 Bh6 25. Kf2 f5 26. e5 d5 27. g3 Rf7 28. Ne1 g5 29. hxg5 Bxg5 30. Rh1 Bd8 31. Nd3 b6 32. Nf4 Raa7 33. Kf3 Rh7 34. Rbh2 Rxh2 35. Rxh2 Rh7 36. Rxh7 Kxh7 37. g4 fxg4+ 38. Kxg4 Bd7 39. e4 Kg7 40. Kf3 Kf7 41. Ke3 Bg5 42. Kf3 Bc8 43. exd5 exd5 44. Nfe2 Bd2 45. Kg3 Bf5 46. Kf3 Ke7 47. Kg3 Bc2 48. Kf3 Bf5 49. Kg3 Kd7 50. Kf3 Bd3 51. Kf2 Ke6 52. Kf3 b5 53. Nf4+ Bxf4 54. Kxf4 b4 55. Nd1 Bc2 56. Nb2 Bb3 57. Ke3 c5 58. Nd3 c4 59. Nf4+ Kd7 60. Nxd5 c3 61. Nf4 Bc4 62. d5 b3 63. Kd4 b2 64. Kxc3 b1=Q 65. Kxc4 Qe4+ 66. Kc5 Qxf4 67. e6+ Ke7 68. Kb5 Qd6 69. Kc4 Qb4+ 70. Kd3 Qxa4 71. Kc3 Qb4+ 72. Kd3 a4 0-1


[Site "https://www.chess.com"]

[Event "Titled Tuesday Blitz March 14 Late 2023"]
[White "Munoz, Francisco Javier"]
[Black "Gamage, Wanshini Vidusama"]
[WhiteFideId "128368"]
[BlackFideId "9953752"]
[WhiteElo "2383"]
[BlackElo "2271"]
[Result "1-0"]
[Round "06"]
[TimeControl "180+2"]
[Date "2023.03.14"]
[WhiteClock "0:01:34"]
[BlackClock "0:01:35"]

1. e4 c5 2. Nc3 d6 3. f4 g6 4. Nf3 Bg7 5. Bb5+ Bd7 6. Bxd7+ Nxd7 7. O-O e6 8. f5 gxf5 9. exf5 exf5 10. d4 cxd4 11. Nxd4 Ne7 12. Bg5 Bxd4+ 13. Qxd4 Qb6 14. Qxb6 axb6 15. Rad1 f6 16. Bf4 Ne5 17. Rxd6 Kf7 18. Rxb6 Rab8 19. Rd1 Rhd8 20. Rxd8 Rxd8 21. Rxb7 Ke6 22. Rb6+ N7c6 23. Bxe5 1-0


[Site "https://www.chess.com"]

[Event "Titled Tuesday Blitz March 14 Late 2023"]
[White "Jenkins, Drake"]
[Black "Gasparyan, David"]
[WhiteFideId "2022397"]
[BlackFideId "13311980"]
[WhiteElo "2248"]
[BlackElo "2493"]
[Result "0-1"]
[Round "06"]
[TimeControl "180+2"]
[Date "2023.03.14"]
[WhiteClock "0:00:02"]
[BlackClock "0:01:37"]

1. Nf3 c5 2. c4 e6 3. d4 cxd4 4. Nxd4 Nc6 5. Nc3 Qc7 6. Nc2 a6 7. g3 Nf6 8. Bg2 Bc5 9. O-O O-O 10. b3 d6 11. Bb2 Rb8 12. Qd2 b5 13. cxb5 axb5 14. Rfc1 Qa7 15. e3 Ba6 16. a3 Rbc8 17. b4 Bb6 18. Qxd6 Rfd8 19. Qf4 Ne7 20. Ne1 Ng6 21. Qf3 Ne5 22. Qe2 Nc4 23. Rab1 Rd2 24. Qf3 Nxb2 25. Nxb5 Qb8 26. Rxc8+ Qxc8 27. Nd4 Bxd4 28. exd4 Nc4 29. b5 Nxa3 30. bxa6 Nxb1 31. a7 Nd5 0-1


[Site "https://www.chess.com"]

[Event "Titled Tuesday Blitz March 14 Late 2023"]
[White "Bruedigam, Martin"]
[Black "Khatena, Moshe"]
[WhiteFideId "24608033"]
[BlackFideId "2010461"]
[WhiteElo "2331"]
[BlackElo "2207"]
[Result "0-1"]
[Round "06"]
[TimeControl "180+2"]
[Date "2023.03.14"]
[WhiteClock "0:00:48"]
[BlackClock "0:00:50"]

1. d4 b5 2. e3 Bb7 3. Nf3 a6 4. a4 b4 5. c4 e6 6. Bd3 c5 7. b3 Nf6 8. Bb2 d6 9. Nbd2 Nbd7 10. Qc2 Be7 11. h3 Rc8 12. O-O O-O 13. Rad1 Qc7 14. Rfe1 Rfe8 15. Qb1 Bf8 16. dxc5 Nxc5 17. Bxf6 gxf6 18. Bxh7+ Kg7 19. Bc2 d5 20. Rc1 Qb8 21. cxd5 Bxd5 22. e4 Bb7 23. Nh2 Qf4 24. Ndf1 Bd6 25. Rcd1 Be5 26. g3 Qh6 27. h4 Qg6 28. Bd3 Rh8 29. Nf3 Bc3 30. Re3 Rcd8 31. N1h2 Nxd3 32. Rdxd3 Bxe4 33. Rxe4 Qxe4 34. Rd1 Qxb1 35. Rxb1 Rd3 36. Kg2 Rhd8 37. Nf1 Rd1 38. Rxd1 Rxd1 39. g4 Rb1 40. N1d2 Bxd2 41. Nxd2 Rb2 42. Ne4 Rxb3 43. f4 Re3 44. Nd2 b3 45. Kf2 Rc3 0-1


[Site "https://www.chess.com"]

[Event "Titled Tuesday Blitz March 14 Late 2023"]
[White "Fernandez Hernandez, Gerardo"]
[Black "Martinez Molina, Carlos Alberto"]
[WhiteFideId "2207400"]
[BlackFideId "5122708"]
[WhiteElo "2200"]
[BlackElo "2212"]
[Result "1-0"]
[Round "06"]
[TimeControl "180+2"]
[Date "2023.03.14"]
[WhiteClock "0:00:07"]
[BlackClock "0:01:35"]

1. e4 e5 2. Nf3 Nc6 3. Nc3 Nf6 4. Bb5 d6 5. d4 exd4 6. Qxd4 Bd7 7. Bxc6 bxc6 8. Bf4 Be7 9. h3 O-O 10. O-O Rb8 11. b3 c5 12. Qd3 Bc6 13. Rad1 Re8 14. Rfe1 Rb4 15. a3 Rb8 16. Nd5 Nxd5 17. exd5 Bd7 18. Re2 Bf6 19. Rxe8+ Qxe8 20. Re1 Qf8 21. Bg5 Bb2 22. Be7 Qc8 23. Ng5 Bf5 24. Qf3 h6 25. Nxf7 Kxf7 26. g4 Be5 27. Bh4 g6 28. gxf5 gxf5 29. Qh5+ Kg7 30. f4 Bd4+ 31. Bf2 Qg8 32. Bxd4+ cxd4 33. Kh2 Qf7 34. Rg1+ Kf8 35. Qxh6+ Ke7 36. Rg7 Rf8 37. Rxf7+ Rxf7 38. Qg5+ Kd7 39. Qg6 Ke7 40. Qe6+ Kf8 41. Qc8+ Kg7 42. Kg3 Kh7 43. Qb7 Re7 44. Qxa7 d3 45. cxd3 Rg7+ 46. Kf3 Rf7 47. Qd4 Kg6 48. Qh8 Re7 49. h4 Re1 50. h5+ Kf7 51. Kf2 Rh1 52. Qd4 Rh2+ 53. Kg3 Rxh5 54. a4 Rh6 55. a5 Rg6+ 56. Kf3 Rh6 57. a6 Rh1 58. a7 Ra1 59. Ke3 Re1+ 60. Kd2 Re8 61. Qb4 Rg8 62. Qb8 Rg2+ 63. Kc3 Rg1 64. a8=Q Rc1+ 65. Kb4 c5+ 66. Kb5 Re1 67. Qf8+ Kg6 68. Qg8+ Kh5 69. Qaf8 Rg1 70. Qff7+ Kh4 71. Qgh7+ Kg3 72. Qfg6+ Kf2 73. Qxg1+ Kf3 74. Qxf5 Ke2 75. Qe4+ Kd2 76. Qf2+ Kc1 77. Qc4+ Kb1 78. Qcc2+ Ka1 79. Qa2# 1-0


[Site "https://www.chess.com"]

[Event "Titled Tuesday Blitz March 14 Late 2023"]
[White "ritanovikova"]
[Black "Vega Gutierrez, Sabrina"]
[BlackFideId "2219026"]
[WhiteElo "2167"]
[BlackElo "2209"]
[Result "1-0"]
[Round "06"]
[TimeControl "180+2"]
[Date "2023.03.14"]
[WhiteClock "0:00:04"]
[BlackClock "0:00:03"]

1. e4 c5 2. Nc3 Nc6 3. d3 Nf6 4. Be3 e5 5. Qd2 Be7 6. Be2 O-O 7. Nd5 Nxd5 8. exd5 Nb4 9. Bf3 f5 10. a3 Na6 11. Qc3 d6 12. Ne2 b5 13. g3 Nc7 14. Bg2 Bb7 15. Qb3 g5 16. f4 gxf4 17. gxf4 Bh4+ 18. Kd2 a5 19. c4 a4 20. Qc2 Kh8 21. Raf1 Na6 22. cxb5 Nc7 23. Nc3 Ra5 24. b6 Na6 25. fxe5 dxe5 26. Nxa4 Bxd5 27. Rhg1 Rb5 28. Nxc5 Nxc5 29. Bxc5 Rf7 30. b4 Bg5+ 31. Kd1 e4 32. Bd4+ Bf6 33. Bxf6+ Qxf6 34. dxe4 Qd4+ 35. Kc1 Qa1+ 36. Kd2 Qd4+ 37. Kc1 Qa1+ 38. Kd2 Qd4+ 39. Ke2 Bc4+ 40. Ke1 Re5 41. b7 Qe3+ 42. Kd1 Rd7+ 43. Qd3 Qd2+ 44. Qxd2 1-0


[Site "https://www.chess.com"]

[Event "Titled Tuesday Blitz March 14 Late 2023"]
[White "Szyszylo, Rafal"]
[Black "Comas Fabrego, Lluis"]
[WhiteFideId "1109626"]
[BlackFideId "2200325"]
[WhiteElo "1951"]
[BlackElo "2523"]
[Result "1-0"]
[Round "06"]
[TimeControl "180+2"]
[Date "2023.03.14"]
[WhiteClock "0:00:20"]
[BlackClock "0:00:04"]

1. e4 c5 2. Ne2 d6 3. g3 g6 4. Bg2 Bg7 5. h3 Nf6 6. O-O O-O 7. c3 e5 8. Na3 Nc6 9. Nc2 Re8 10. Re1 b6 11. a4 Bb7 12. d3 h6 13. Kh2 Kh7 14. Ng1 d5 15. exd5 Nxd5 16. Ne3 Nxe3 17. Bxe3 Qd7 18. Qc2 Rad8 19. Rad1 Ba6 20. Bf1 Bb7 21. Bg2 f5 22. Ne2 Qf7 23. f4 exf4 24. Nxf4 Ne5 25. Bg1 Nf3+ 26. Bxf3 Bxf3 27. d4 Bxd1 28. Rxd1 Qc4 29. b3 Qf7 30. h4 cxd4 31. cxd4 Re4 32. d5 Be5 33. Ne6 Rxd5 34. Rxd5 Qxe6 35. Rd2 Bd6 36. Bf2 f4 37. Rxd6 fxg3+ 38. Kg2 Qf7 39. Rd7 1-0


[Site "https://www.chess.com"]

[Event "Titled Tuesday Blitz March 14 Late 2023"]
[White "Pino Perez, Lazaro"]
[Black "Djordjevic, Dejan N"]
[WhiteFideId "3517055"]
[BlackFideId "913316"]
[WhiteElo "2170"]
[BlackElo "2261"]
[Result "1-0"]
[Round "06"]
[TimeControl "180+2"]
[Date "2023.03.14"]
[WhiteClock "0:00:05"]
[BlackClock "0:00:01"]

1. d4 Nf6 2. Bf4 d6 3. Nc3 Bf5 4. f3 h6 5. e4 Bg6 6. Qd2 a6 7. g4 b5 8. h4 Nc6 9. a4 b4 10. Nd5 e5 11. Nxf6+ Qxf6 12. Bg5 hxg5 13. hxg5 Rxh1 14. gxf6 Rxg1 15. d5 Nd4 16. Kf2 Rh1 17. Bb5+ axb5 18. Rxh1 gxf6 19. axb5 Rb8 20. Qxb4 Rxb5 21. Qa4 Ke7 22. Rb1 Rb6 23. Qa7 Kd7 24. c3 Nb5 25. Qa4 Ke7 26. Rh1 Bg7 27. Qa8 c5 28. Qg8 Bf8 29. g5 fxg5 30. Qh8 Nc7 31. Qh3 Rxb2+ 32. Ke3 Rc2 33. Kd3 Rf2 34. Qg3 f6 35. Qxf2 Bg7 36. Ra1 Ne8 37. Ra7+ Kf8 38. Qb2 Bh6 39. Qb7 1-0


[Site "https://www.chess.com"]

[Event "Titled Tuesday Blitz March 14 Late 2023"]
[White "Guzman Moneo, Alberto"]
[Black "Curtis, John"]
[WhiteFideId "2209616"]
[BlackFideId "3200256"]
[WhiteElo "2157"]
[BlackElo "2203"]
[Result "1/2-1/2"]
[Round "06"]
[TimeControl "180+2"]
[Date "2023.03.14"]
[WhiteClock "0:00:51"]
[BlackClock "0:00:39"]

1. e4 c5 2. Nc3 d6 3. f4 e6 4. Nf3 Nf6 5. d4 cxd4 6. Nxd4 Be7 7. Be3 O-O 8. Bd3 e5 9. Nf5 Bxf5 10. exf5 exf4 11. Bxf4 Nc6 12. O-O Qb6+ 13. Kh1 Qxb2 14. Ne4 Nxe4 15. Bxe4 Bf6 16. Rb1 Qd4 17. Qxd4 Nxd4 18. Rxb7 Rfe8 19. Bd3 d5 20. g4 h6 21. Kg2 Rac8 22. Rf2 Bh4 23. Rd2 Be1 24. Rd1 a5 25. Rd7 Nxc2 26. Rxd5 Ne3+ 27. Bxe3 Rxe3 28. Rd7 Bb4 29. Rf1 Re7 30. Rxe7 Bxe7 31. Rf2 Kf8 32. Re2 Rd8 33. Bc4 Rd4 34. Bb3 Rxg4+ 35. Kf3 Rb4 36. Rc2 g6 37. Rc8+ Kg7 38. Rc7 Kf6 39. Rc6+ Kg7 40. Rc7 Kf6 41. Rc6+ Kg7 42. Rc7 1/2-1/2


[Site "https://www.chess.com"]

[Event "Titled Tuesday Blitz March 14 Late 2023"]
[White "Manu_ChessExcelsior"]
[Black "Kostiukov, Alexandr"]
[BlackFideId "14108100"]
[WhiteElo "2014"]
[BlackElo "2202"]
[Result "1-0"]
[Round "06"]
[TimeControl "180+2"]
[Date "2023.03.14"]
[WhiteClock "0:00:37"]
[BlackClock "0:00:20"]

1. e4 c5 2. g3 g6 3. Bg2 Bg7 4. d3 Nc6 5. f4 d6 6. Nf3 Nf6 7. O-O O-O 8. c3 Rb8 9. Kh1 b5 10. Be3 c4 11. Bg1 cxd3 12. Qxd3 b4 13. c4 a5 14. Nbd2 a4 15. Rad1 Qa5 16. b3 axb3 17. axb3 Qh5 18. Rfe1 Bh3 19. Qe2 Ng4 20. Ng5 Bxg2+ 21. Kxg2 h6 22. h3 Nf6 23. Ngf3 Ra8 24. g4 Nxg4 25. hxg4 Qxg4+ 26. Kf1 Ra2 27. Be3 1-0


[Site "https://www.chess.com"]

[Event "Titled Tuesday Blitz March 14 Late 2023"]
[White "Sarkar, Justin"]
[Black "Burke, Paul"]
[WhiteFideId "2010011"]
[BlackFideId "2605767"]
[WhiteElo "2189"]
[BlackElo "1852"]
[Result "0-1"]
[Round "06"]
[TimeControl "180+2"]
[Date "2023.03.14"]
[WhiteClock "0:00:35"]
[BlackClock "0:00:13"]

1. e4 e5 2. Nf3 Nc6 3. Bb5 f5 4. d4 fxe4 5. Bxc6 dxc6 6. Nxe5 Nf6 7. O-O Bd6 8. Nc3 O-O 9. Qe2 Bf5 10. Bg5 Qe8 11. Bxf6 gxf6 12. Nc4 Qg6 13. Nxd6 cxd6 14. d5 c5 15. Qe3 Rad8 16. Ne2 Kh8 17. Ng3 Rfe8 18. c4 Bd7 19. Qf4 f5 20. f3 Rf8 21. fxe4 fxe4 22. Qxf8+ Rxf8 23. Rxf8+ Kg7 24. Raf1 Be8 0-1


[Site "https://www.chess.com"]

[Event "Titled Tuesday Blitz March 14 Late 2023"]
[White "tandercat"]
[Black "Kornyukov, Alexey"]
[BlackFideId "4150457"]
[WhiteElo "1941"]
[BlackElo "2352"]
[Result "0-1"]
[Round "06"]
[TimeControl "180+2"]
[Date "2023.03.14"]
[WhiteClock "0:00:23"]
[BlackClock "0:00:27"]

1. d4 d5 2. c4 e6 3. Nc3 c6 4. cxd5 exd5 5. Bf4 Bd6 6. Bxd6 Qxd6 7. e3 f5 8. Bd3 Nf6 9. Nf3 O-O 10. Qc2 Ne4 11. O-O Nd7 12. Rab1 a5 13. a3 Rf6 14. b4 axb4 15. axb4 Rh6 16. g3 g5 17. Ne2 g4 18. Bxe4 fxe4 19. Ne1 Nf8 20. Ng2 b6 21. Nef4 Ba6 22. Rfc1 Bc4 23. Ra1 Rxa1 24. Rxa1 Rf6 25. Ra8 Qxb4 26. h4 gxh3 27. Nxh3 Bd3 28. Qa2 Rf7 29. Nhf4 Bc4 30. Qa1 Qd6 31. Ra7 Rxa7 32. Qxa7 b5 33. Qa8 b4 34. Qd8 Qxd8 0-1


[Site "https://www.chess.com"]

[Event "Titled Tuesday Blitz March 14 Late 2023"]
[White "Torres Dominguez, David"]
[Black "Perske, Thore"]
[WhiteFideId "2220857"]
[BlackFideId "12902195"]
[WhiteElo "1999"]
[BlackElo "2336"]
[Result "1/2-1/2"]
[Round "06"]
[TimeControl "180+2"]
[Date "2023.03.14"]
[WhiteClock "0:00:01"]
[BlackClock "0:00:09"]

1. e4 e6 2. d4 d5 3. exd5 exd5 4. Bd3 Nc6 5. c3 Bd6 6. Qf3 Qh4 7. h3 h5 8. g3 Qe7+ 9. Ne2 Be6 10. Bf4 O-O-O 11. Bxd6 Qxd6 12. Nd2 Nf6 13. O-O-O Qd7 14. Nf4 Bf5 15. Bxf5 Qxf5 16. Nd3 Qxf3 17. Nxf3 Ne4 18. Rhe1 f6 19. Re2 b6 20. Rde1 g5 21. Nd2 Nd6 22. Nf1 Rde8 23. Rxe8+ Rxe8 24. Rxe8+ Nxe8 25. f4 Kd7 26. fxg5 fxg5 27. h4 g4 28. Nf4 Nf6 29. Ne3 Ne7 30. Kc2 c6 31. Kd3 Kd6 32. a3 c5 33. c4 cxd4 34. Nexd5 Nexd5 35. cxd5 Ke5 36. d6 Kxd6 37. Kxd4 a6 38. a4 b5 39. axb5 axb5 40. b4 Nd7 41. Nxh5 Ne5 42. Nf6 Nc6+ 43. Kc3 Ne5 44. Ne4+ Kd5 45. Nf6+ Ke6 46. Ne4 Kd5 47. Nf6+ Ke6 48. Nh5 Kf5 49. Kd4 Nd7 50. Nf4 Nf6 51. h5 Ne4 52. h6 Nxg3 53. h7 Kxf4 54. h8=Q Nf5+ 55. Kc5 g3 56. Qb8+ Kf3 57. Kxb5 g2 58. Qf8 Kf4 59. Qg8 Ng3 60. Qf7+ Ke3 61. Qe6+ Kf3 62. Qc6+ Kf2 63. Qf6+ Ke3 64. Qb6+ Kf3 65. Ka6 Ne2 66. b5 Nf4 67. Qg1 Ne2 68. Qd1 g1=Q 69. Qxg1 Nxg1 70. b6 Ne2 71. b7 Nd4 72. b8=Q Ke4 73. Qe8+ Kd5 74. Kb6 Ne6 75. Qg8 Ke5 76. Kc6 Nd4+ 77. Kc5 Ne6+ 78. Kb4 Nd4 79. Qg1 Ne6 80. Qe3+ Kd5 81. Kb5 Nd4+ 1/2-1/2


[Site "https://www.chess.com"]

[Event "Titled Tuesday Blitz March 14 Late 2023"]
[White "mestrefeitosa19"]
[Black "JackRodgers"]
[WhiteElo "2239"]
[BlackElo "2486"]
[Result "0-1"]
[Round "06"]
[TimeControl "180+2"]
[Date "2023.03.14"]
[WhiteClock "0:00:01"]
[BlackClock "0:00:16"]

1. c4 c5 2. Nc3 g6 3. Nf3 Bg7 4. e3 Nf6 5. d4 cxd4 6. exd4 d5 7. h3 O-O 8. Be3 Nc6 9. a3 a6 10. Be2 dxc4 11. Bxc4 b5 12. Ba2 Bb7 13. O-O e6 14. d5 exd5 15. Nxd5 Nxd5 16. Bxd5 Bxb2 17. Ra2 Bg7 18. Rd2 Qc7 19. Qc1 Rac8 20. Rc2 Rfd8 21. Bf4 Qb6 22. Be3 Nd4 23. Bxd4 Bxd4 24. Bxb7 Rxc2 25. Qxc2 Qxb7 26. Nxd4 Rxd4 27. Re1 Rd8 28. Qc5 Rc8 29. Qb4 Qc7 30. Re7 Qc1+ 31. Re1 Qc5 32. Qb2 Qc3 33. Re8+ Kg7 34. Qe2 Rxe8 35. Qxe8 Qc1+ 36. Kh2 Qc5 37. f3 a5 38. Qa8 b4 39. axb4 axb4 40. Qa2 Qe5+ 41. Kh1 Qc3 42. Qd5 b3 0-1


[Site "https://www.chess.com"]

[Event "Titled Tuesday Blitz March 14 Late 2023"]
[White "Carbone, Diego"]
[Black "Floresvillar Gonzalez, Luis Migu"]
[WhiteFideId "3002179"]
[BlackFideId "5100542"]
[WhiteElo "2266"]
[BlackElo "2040"]
[Result "1-0"]
[Round "06"]
[TimeControl "180+2"]
[Date "2023.03.14"]
[WhiteClock "0:02:09"]
[BlackClock "0:00:18"]

1. d4 d5 2. c4 c6 3. Nf3 Nf6 4. e3 Bf5 5. Nc3 e6 6. Nh4 Bg4 7. Qb3 Qb6 8. h3 Bh5 9. g4 Bg6 10. Nxg6 Qxb3 11. axb3 hxg6 12. Bg2 Bb4 13. Bd2 Nbd7 14. g5 Nh5 15. Ke2 a5 16. Nxd5 exd5 17. Bxb4 dxc4 18. bxc4 Nb6 19. Rxa5 Rxa5 20. Bxa5 Nxc4 21. Bc3 Kd7 22. Ra1 f6 23. d5 cxd5 24. Bxd5 Nb6 25. Bxb7 fxg5 26. Ra7 Nf6 27. Bg2+ Kd6 28. Rxg7 Nbd5 29. Bxd5 Nxd5 30. Rxg6+ Kd7 31. Bxh8 1-0


[Site "https://www.chess.com"]

[Event "Titled Tuesday Blitz March 14 Late 2023"]
[White "Luberanski, Jakub"]
[Black "Simonovic, Miroslav"]
[WhiteFideId "21830509"]
[BlackFideId "919152"]
[WhiteElo "2256"]
[BlackElo "2042"]
[Result "1-0"]
[Round "06"]
[TimeControl "180+2"]
[Date "2023.03.14"]
[WhiteClock "0:00:08"]
[BlackClock "0:00:30"]

1. e4 c5 2. Nc3 Nc6 3. Bb5 g6 4. Bxc6 dxc6 5. d3 Bg7 6. f4 e5 7. Nf3 exf4 8. Bxf4 Ne7 9. O-O O-O 10. Qe1 f5 11. Qh4 fxe4 12. Nxe4 Nf5 13. Qxd8 Rxd8 14. Nxc5 Bxb2 15. Rab1 b6 16. Rxb2 bxc5 17. Rfb1 Be6 18. Rb7 Bxa2 19. Ra1 Bd5 20. Ne5 Rdb8 21. Raxa7 Rxb7 22. Rxb7 Ra2 23. c4 Rxg2+ 24. Kf1 Rc2 25. cxd5 cxd5 26. Nd7 Kf7 27. Nxc5+ Kf6 28. Nd7+ Ke6 29. Nf8+ Kf6 30. Nxh7+ Ke6 31. Ng5+ Kf6 32. Rb6+ Ke7 33. Rb7+ Kf6 34. Rf7# 1-0


[Site "https://www.chess.com"]

[Event "Titled Tuesday Blitz March 14 Late 2023"]
[White "Elissalt Cardenas, Hector"]
[Black "Hartikainen, Jarmo"]
[WhiteFideId "3500632"]
[BlackFideId "503134"]
[WhiteElo "2202"]
[BlackElo "2168"]
[Result "0-1"]
[Round "06"]
[TimeControl "180+2"]
[Date "2023.03.14"]
[WhiteClock "0:00:05"]
[BlackClock "0:00:12"]

1. d4 Nf6 2. c4 g6 3. Nc3 d5 4. cxd5 Nxd5 5. Bd2 Nb6 6. e3 Bg7 7. Nf3 O-O 8. h3 N8d7 9. Rc1 c5 10. d5 Ne5 11. Nxe5 Bxe5 12. e4 e6 13. Bh6 Re8 14. Bb5 Bd7 15. Bxd7 Qxd7 16. dxe6 Qxe6 17. O-O Rad8 18. Qf3 Qf6 19. Qg4 Qe6 20. Qxe6 fxe6 21. Nb5 Bxb2 22. Rxc5 a6 23. Rb1 Na4 24. Rc4 axb5 25. Rc7 Rc8 26. Rxb7 Rc2 27. Rxb5 Bd4 28. Rb8 Rxb8 29. Rxb8+ Kf7 30. Rf8+ Ke7 31. Rf3 Rxa2 32. Bf8+ Ke8 33. Bd6 Ra1+ 34. Kh2 e5 35. Rf8+ Kd7 36. Bb4 Nc3 37. Bxc3 Bxc3 38. Rf7+ Ke6 39. Rxh7 Ra2 40. f3 Bd2 41. h4 Bf4+ 42. Kh3 Kf6 43. g3 Bc1 44. Kg4 Rg2 45. Rc7 Be3 46. Rc6+ Kf7 47. Kh3 Rg1 48. Ra6 Bf2 49. g4 Rg3+ 50. Kh2 Rxf3 51. Rc6 Rf4 52. h5 gxh5 53. gxh5 Bd4 54. h6 Kg8 55. Kh3 Rf7 56. Kh4 Rf4+ 57. Kh5 Rxe4 58. Kg6 Rg4+ 59. Kh5 Rg1 60. Rc8+ Kh7 61. Rc7+ Kh8 62. Rc8+ Rg8 63. Rc7 Be3 64. Re7 Rg5+ 65. Kh4 Bf4 66. h7 Rg1 67. Kh5 Rh1+ 68. Kg6 Rh6+ 69. Kf5 Rxh7 70. Re8+ Kg7 71. Re7+ Kh6 72. Re6+ Kh5 73. Re8 Rf7+ 74. Ke4 Kg6 75. Rg8+ Kf6 76. Ra8 Rb7 77. Ra6+ Kg5 78. Ra8 Rb4+ 79. Kf3 e4+ 80. Ke2 Kf5 81. Rf8+ Kg4 82. Rg8+ Bg5 0-1


[Site "https://www.chess.com"]

[Event "Titled Tuesday Blitz March 14 Late 2023"]
[White "lisjakzlatko1"]
[Black "Rego, Pedro Filipe"]
[BlackFideId "1904310"]
[WhiteElo "2151"]
[BlackElo "2193"]
[Result "0-1"]
[Round "06"]
[TimeControl "180+2"]
[Date "2023.03.14"]
[WhiteClock "0:00:04"]
[BlackClock "0:00:12"]

1. e4 c5 2. b4 cxb4 3. Bb2 Nc6 4. d4 d6 5. c4 Nf6 6. d5 Nb8 7. Nd2 a5 8. f4 Na6 9. Ngf3 Bg4 10. e5 dxe5 11. fxe5 Nd7 12. h3 Bxf3 13. Qxf3 Ndc5 14. Be2 Qb6 15. Bd4 f6 16. O-O O-O-O 17. Kh1 Qc7 18. Qe3 b6 19. Nb3 a4 20. Nd2 Kb8 21. Rab1 Rc8 22. Rfc1 h5 23. Nf3 Ka7 24. Bf1 Qd7 25. Qd2 Rh6 26. Rxb4 Nxb4 27. Qxb4 e6 28. d6 Qc6 29. Rb1 g5 30. exf6 Bxd6 31. Nxg5 Ne4 32. Bxb6+ Ka8 33. Kg1 Bxb4 34. Rxb4 Rb8 35. c5 Nxc5 0-1


[Site "https://www.chess.com"]

[Event "Titled Tuesday Blitz March 14 Late 2023"]
[White "Kovacs, Klara"]
[Black "Tarnowska, Aleksandra"]
[WhiteFideId "733210"]
[BlackFideId "1180967"]
[WhiteElo "2179"]
[BlackElo "1776"]
[Result "1-0"]
[Round "06"]
[TimeControl "180+2"]
[Date "2023.03.14"]
[WhiteClock "0:00:07"]
[BlackClock "0:00:05"]

1. Nf3 d5 2. g3 Nf6 3. Bg2 Bf5 4. c4 c6 5. O-O e6 6. Nh4 Bg6 7. b3 Nbd7 8. Bb2 Bd6 9. d4 O-O 10. Nd2 e5 11. cxd5 Nxd5 12. Nc4 Bc7 13. dxe5 N7b6 14. Nxb6 Nxb6 15. f4 Bh5 16. Qc2 Nd5 17. Bd4 Bb6 18. Bxb6 Qxb6+ 19. Rf2 Ne3 20. Qe4 Ng4 21. e3 Nxf2 22. Kxf2 Rad8 23. Nf5 Rd2+ 24. Kg1 Bg6 25. Ne7+ Kh8 26. f5 Re2 27. Kh1 Bh5 28. Qh4 Qxe3 29. Rf1 Qxe5 30. f6 gxf6 31. Nf5 Re1 32. Qxh5 Rxf1+ 33. Bxf1 Qe4+ 34. Kg1 Rd8 35. Nh4 Qe5 36. Qf3 Qd5 37. Qxf6+ Kg8 38. Nf5 Qc5+ 39. Kg2 Qf8 40. Qg5+ Kh8 41. Qf6+ Kg8 42. Nh6+ Qxh6 43. Qxh6 Kh8 44. Qf6+ Kg8 45. Qxd8+ Kg7 46. Qg5+ Kf8 47. Bd3 f6 48. Qxf6+ Ke8 49. Bc4 b6 50. Qe6+ Kd8 51. Qxc6 Ke7 52. Be6 Kf6 53. Qd7 Kg5 54. Qf7 h6 55. h4# 1-0


[Site "https://www.chess.com"]

[Event "Titled Tuesday Blitz March 14 Late 2023"]
[White "Skaric, Djuro"]
[Black "Souza, Gustavo Horokoski De"]
[WhiteFideId "934569"]
[BlackFideId "2146584"]
[WhiteElo "2282"]
[BlackElo "1859"]
[Result "1-0"]
[Round "06"]
[TimeControl "180+2"]
[Date "2023.03.14"]
[WhiteClock "0:02:32"]
[BlackClock "0:00:37"]

1. g3 Nf6 2. Bg2 g6 3. e4 d6 4. Nc3 Bg7 5. d4 c6 6. f4 Bg4 7. Nge2 Nbd7 8. h3 Bxe2 9. Nxe2 b5 10. g4 Qb6 11. Be3 c5 12. c3 b4 13. e5 Nxg4 14. hxg4 Rc8 15. O-O bxc3 16. bxc3 dxe5 17. fxe5 cxd4 18. cxd4 Nxe5 19. Qa4+ Kf8 20. Rab1 Qc7 21. dxe5 Qxe5 22. Qf4 1-0


[Site "https://www.chess.com"]

[Event "Titled Tuesday Blitz March 14 Late 2023"]
[White "Eliteplayer3"]
[Black "Antonio, Jorge Carlos"]
[BlackFideId "113190"]
[WhiteElo "2073"]
[BlackElo "2247"]
[Result "1/2-1/2"]
[Round "06"]
[TimeControl "180+2"]
[Date "2023.03.14"]
[WhiteClock "0:01:34"]
[BlackClock "0:00:43"]

1. Nf3 d5 2. b3 c5 3. Bb2 f6 4. e3 e5 5. d4 cxd4 6. exd4 e4 7. Nfd2 f5 8. c4 Nf6 9. Nc3 Be6 10. cxd5 Nxd5 11. Be2 Nc6 12. Nc4 Bb4 13. Rc1 O-O 14. O-O Nf4 15. Ne3 Bxc3 16. Bxc3 Nd5 17. Nxd5 Bxd5 18. Bc4 Ne7 19. Bb4 Re8 20. Bxe7 Rxe7 21. Bxd5+ Qxd5 22. Rc5 Qd6 23. Rxf5 Rd8 24. d5 g6 25. Rg5 h6 26. Rg3 Kh7 27. Qg4 Re5 28. Rd1 h5 29. Qf4 Rd7 30. h3 Rxd5 31. Rxd5 Qxf4 32. Rxd7+ Kh6 33. Rxb7 Qc1+ 34. Kh2 Qf4 35. Kg1 Qc1+ 36. Kh2 Qf4 37. Kg1 1/2-1/2


[Site "https://www.chess.com"]